PAAA
PHOENIX HOTSPUR RESERVES @ SALT LAKE CITY BUZZ
08/20/2031
 
TOP OF THE 1ST
Phoenix Hotspur Reserves batting - Pitching for Salt Lake City Buzz : RHP Paco Manuel
Pitching: RHP Paco Manuel
Batting: LHB Jason DeGeorge 0-0: Ball
1-0: Swinging Strike
1-1: Ball
2-1: Ball
3-1: Base on Balls
Batting: RHB Dale Everest 0-0: Called Strike
0-1: Ball
1-1: Ball
2-1: Called Strike
2-2: Strikes out looking
Batting: RHB Alex Niemann 0-0: Ball
1-0: Grounds into double play, 4-6-3 (Groundball, 4)
Top of the 1st over - 0 runs, 0 hits, 0 errors, 0 left on base; Phoenix 0 - Salt Lake City 0
BOTTOM OF THE 1ST
Salt Lake City Buzz batting - Pitching for Phoenix Hotspur Reserves : LHP Ricardo Sánchez
Pitching: LHP Ricardo Sánchez
Batting: LHB Orlando Casillas 0-0: Ball
1-0: Called Strike
1-1: Foul Ball, location: 2F
1-2: SINGLE (Line Drive, 4M)
Batting: RHB Ilkka Haapajarvi 0-0: Ball
1-0: SINGLE (Groundball, 6D)
Orlando Casillas to second
Batting: LHB Frank Sharp 0-0: Swinging Strike
0-1: SINGLE (Groundball, 5D)
Orlando Casillas to third
Ilkka Haapajarvi to second
Batting: RHB Brent Ryan 0-0: Ball
1-0: Ball
2-0: Ball
3-0: Called Strike
3-1: Base on Balls
Orlando Casillas scores
Ilkka Haapajarvi to third
Frank Sharp to second
Batting: LHB Jérôme Masson 0-0: Foul Ball, location: 2F
0-1: Ball
1-1: Ball
2-1: Ball
3-1: Foul Ball, location: 2F
3-2: Base on Balls
Ilkka Haapajarvi scores
Frank Sharp to third
Brent Ryan to second
Batting: RHB Christian Gentry 0-0: Ball
1-0: Ball
2-0: Ground out 5-3 (Groundball, 5S)
Frank Sharp scores
Brent Ryan to third
Jérôme Masson to second
Batting: RHB Alexandre Keeping 0-0: Foul Ball, location: 2F
0-1: Swinging Strike
0-2: Strikes out swinging
Batting: SHB Jorge Colón 0-0: Called Strike
0-1: Foul Ball, location: 2F
0-2: Ball
1-2: DOUBLE (Line Drive, 9LD)
Brent Ryan scores
Jérôme Masson scores
Batting: LHB Mike Gillespie 0-0: Ball
1-0: Called Strike
1-1: Foul Ball, location: 2F
1-2: Ball
2-2: Foul Ball, location: 2F
2-2: SINGLE (Line Drive, 9S)
Jorge Colón to third
Batting: LHB Orlando Casillas 0-0: Ground out 4-3 (Groundball, 34)
Bottom of the 1st over - 5 runs, 5 hits, 0 errors, 2 left on base; Phoenix 0 - Salt Lake City 5
TOP OF THE 2ND
Phoenix Hotspur Reserves batting - Pitching for Salt Lake City Buzz : RHP Paco Manuel
Batting: RHB Hieronymus Bosch 0-0: Ground out 5-3 (Groundball, 56S)
Batting: RHB Satoshi Terada 0-0: Swinging Strike
0-1: Ball
1-1: Ball
2-1: Ball
3-1: Base on Balls
Batting: RHB Ryan Pollock 0-0: Ball
1-0: SINGLE (Line Drive, 56D)
Satoshi Terada to second
Batting: RHB Solomon Norment 0-0: Swinging Strike
0-1: Ball
1-1: Ball
2-1: Fly out, F8 (Flyball, 8LS)
Batting: RHB Bernardo Rivera 0-0: Ball
1-0: Foul Ball, location: 2F
1-1: Foul Ball, location: 2F
1-2: Ball
2-2: Hit by Pitch
Satoshi Terada to third
Ryan Pollock to second
Pinch Runner at 1st Jesús González:
Batting: RHB Bob Curry 0-0: Ball
1-0: SINGLE (Groundball, 34S) (infield hit)
Satoshi Terada scores
Ryan Pollock to third
Jesús González to second
Batting: LHB Jason DeGeorge 0-0: Called Strike
0-1: Ball
1-1: Ball
2-1: Fly out, F7 (Flyball, 7)
Top of the 2nd over - 1 run, 2 hits, 0 errors, 3 left on base; Phoenix 1 - Salt Lake City 5
BOTTOM OF THE 2ND
Salt Lake City Buzz batting - Pitching for Phoenix Hotspur Reserves : LHP Ricardo Sánchez
Now in CF: Jesús González
Batting: RHB Ilkka Haapajarvi 0-0: Swinging Strike
0-1: Ball
1-1: Fly out, F7 (Flyball, 7S)
Batting: LHB Frank Sharp 0-0: Foul Ball, location: 2F
0-1: Ball
1-1: Ball
2-1: Foul Ball, location: 2F
2-2: Ball
3-2: Foul Ball, location: 2F
3-2: Fly out, F9 (Flyball, 89S)
Batting: RHB Brent Ryan 0-0: Fly out, F7 (Flyball, 7D)
Bottom of the 2nd over - 0 runs, 0 hits, 0 errors, 0 left on base; Phoenix 1 - Salt Lake City 5
TOP OF THE 3RD
Phoenix Hotspur Reserves batting - Pitching for Salt Lake City Buzz : RHP Paco Manuel
Batting: RHB Dale Everest 0-0: Called Strike
0-1: Ball
1-1: Fly out, F3 (Line Drive, 3L)
Batting: RHB Alex Niemann 0-0: Ball
1-0: Ground out 6-3 (Groundball, 6)
Batting: RHB Hieronymus Bosch 0-0: Foul Ball, location: 2F
0-1: Fly out, F8 (Flyball, 8RD)
Top of the 3rd over - 0 runs, 0 hits, 0 errors, 0 left on base; Phoenix 1 - Salt Lake City 5
BOTTOM OF THE 3RD
Salt Lake City Buzz batting - Pitching for Phoenix Hotspur Reserves : LHP Ricardo Sánchez
Batting: LHB Jérôme Masson 0-0: Fly out, F7 (Flyball, 7LS)
Batting: RHB Christian Gentry 0-0: Ball
1-0: Foul Ball, location: 2F
1-1: Ball
2-1: Ball
3-1: TRIPLE (Flyball, 89XD)
Batting: RHB Alexandre Keeping 0-0: Ball
1-0: Foul Ball, location: 2F
1-1: Called Strike
1-2: Ground out 5-3 (Groundball, 56)
Christian Gentry scores
Batting: SHB Jorge Colón 0-0: Foul Ball, location: 2F
0-1: Ball
1-1: Swinging Strike
1-2: Strikes out looking
Bottom of the 3rd over - 1 run, 1 hit, 0 errors, 0 left on base; Phoenix 1 - Salt Lake City 6
TOP OF THE 4TH
Phoenix Hotspur Reserves batting - Pitching for Salt Lake City Buzz : RHP Paco Manuel
Batting: RHB Satoshi Terada 0-0: Foul Ball, location: 2F
0-1: Foul Ball, location: 2F
0-2: SOLO HOME RUN (Flyball, 7LD), Distance : 355 ft
Batting: RHB Ryan Pollock 0-0: Foul Ball, location: 2F
0-1: Swinging Strike
0-2: Ground out 5-3 (Groundball, 56)
Batting: RHB Solomon Norment 0-0: Ball
1-0: Foul Ball, location: 2F
1-1: Foul Ball, location: 2F
1-2: Ball
2-2: Strikes out swinging
Batting: SHB Jesús González 0-0: Called Strike
0-1: Ball
1-1: Foul Ball, location: 2F
1-2: Ball
2-2: SINGLE (Line Drive, 8LS)
Batting: RHB Bob Curry 0-0: Ball
1-0: Called Strike
1-1: Called Strike
1-2: Ball
2-2: SINGLE (Flyball, 8RS)
Jesús González to second
Runner from 2nd tries for 3rd, SAFE, no throw
Pitching: RHP Lorenzo López
Batting: LHB Jason DeGeorge 0-0: Ball
1-0: Called Strike
Throwing error on steal attempt, E2
Jesús González scores
Bob Curry to third
1-1: SINGLE (Flyball, 7LM)
Bob Curry scores
Batting: RHB Dale Everest 0-0: Called Strike
0-1: Ball
Jason DeGeorge is caught stealing 2nd base
Top of the 4th over - 3 runs, 4 hits, 1 error, 0 left on base; Phoenix 4 - Salt Lake City 6
BOTTOM OF THE 4TH
Salt Lake City Buzz batting - Pitching for Phoenix Hotspur Reserves : LHP Ricardo Sánchez
Batting: LHB Mike Gillespie 0-0: Foul Ball, location: 2F
0-1: Ball
1-1: Ball
2-1: Ball
3-1: Foul Ball, location: 2F
3-2: Foul Ball, location: 2F
3-2: Base on Balls
Batting: LHB Orlando Casillas 0-0: Called Strike
0-1: Ball
1-1: Ball
2-1: Swinging Strike
2-2: Grounds into double play, 6-4-3 (Groundball, 6)
Batting: RHB Ilkka Haapajarvi 0-0: Ball
1-0: Foul Ball, location: 2F
1-1: SINGLE (Line Drive, 6D)
Batting: LHB Frank Sharp 0-0: Ball
1-0: Fly out, F7 (Flyball, 78M)
Bottom of the 4th over - 0 runs, 1 hit, 0 errors, 1 left on base; Phoenix 4 - Salt Lake City 6
TOP OF THE 5TH
Phoenix Hotspur Reserves batting - Pitching for Salt Lake City Buzz : RHP Lorenzo López
Batting: RHB Dale Everest 0-0: Bunted foul
0-1: Called Strike
0-2: Ball
1-2: Foul Ball, location: 2F
1-2: Fly out, F9 (Flyball, 9LS)
Batting: RHB Alex Niemann 0-0: Foul Ball, location: 2F
0-1: Ball
1-1: Ball
2-1: Ball
3-1: Called Strike
3-2: Foul Ball, location: 2F
3-2: Foul Ball, location: 2F
3-2: Strikes out looking
Batting: RHB Hieronymus Bosch 0-0: Ball
1-0: Fly out, F6 (Flyball, 56D)
Top of the 5th over - 0 runs, 0 hits, 0 errors, 0 left on base; Phoenix 4 - Salt Lake City 6
BOTTOM OF THE 5TH
Salt Lake City Buzz batting - Pitching for Phoenix Hotspur Reserves : LHP Ricardo Sánchez
Batting: RHB Brent Ryan 0-0: Ball
1-0: Ball
2-0: Ground out 6-3 (Groundball, 6)
Batting: LHB Jérôme Masson 0-0: Called Strike
0-1: Foul Ball, location: 2F
0-2: SINGLE (Line Drive, 89M)
Batting: RHB Christian Gentry 0-0: Fly out, F9 (Flyball, 9LSF)
Batting: RHB Alexandre Keeping 0-0: SINGLE (Line Drive, 78S)
Jérôme Masson to second
Batting: SHB Jorge Colón 0-0: Called Strike
0-1: Ball
1-1: Ball
2-1: Called Strike
2-2: Ball
3-2: Foul Ball, location: 2F
3-2: Foul Ball, location: 2F
3-2: Foul Ball, location: 2F
3-2: Fly out, F8 (Flyball, 8RM)
Bottom of the 5th over - 0 runs, 2 hits, 0 errors, 2 left on base; Phoenix 4 - Salt Lake City 6
TOP OF THE 6TH
Phoenix Hotspur Reserves batting - Pitching for Salt Lake City Buzz : RHP Lorenzo López
Batting: RHB Satoshi Terada 0-0: Foul Ball, location: 2F
0-1: Foul Ball, location: 2F
0-2: Ball
1-2: SINGLE (Groundball, 6MD)
Batting: RHB Ryan Pollock 0-0: SINGLE (Line Drive, 5)
Satoshi Terada to second
Batting: RHB Solomon Norment 0-0: Sac Bunt - play at first, batter OUT! 1-3
Satoshi Terada to third
Ryan Pollock to second
Batting: SHB Jesús González 0-0: Ball
1-0: Ball
2-0: Ball
3-0: Called Strike
3-1: Base on Balls
Batting: RHB Bob Curry 0-0: Swinging Strike
0-1: Ball
1-1: Called Strike
1-2: Strikes out looking
Batting: LHB Jason DeGeorge 0-0: Called Strike
0-1: Called Strike
0-2: Fielders Choice at 2nd, 6-4 (Groundball, 6)
Top of the 6th over - 0 runs, 2 hits, 0 errors, 3 left on base; Phoenix 4 - Salt Lake City 6
BOTTOM OF THE 6TH
Salt Lake City Buzz batting - Pitching for Phoenix Hotspur Reserves : LHP Ricardo Sánchez
Pitching: RHP Ty McDaniel
Batting: LHB Mike Gillespie 0-0: Swinging Strike
0-1: Ball
1-1: Ball
2-1: Ball
3-1: Called Strike
3-2: DOUBLE (Groundball, 3L)
Batting: LHB Orlando Casillas 0-0: Sac Bunt - play at first, batter OUT! 5-3
Mike Gillespie to third
Batting: RHB Ilkka Haapajarvi 0-0: Foul Ball, location: 2F
0-1: Swinging Strike
0-2: Ball
1-2: Ball
2-2: Foul Ball, location: 2F
2-2: Ball
3-2: Strikes out swinging
Batting: LHB Frank Sharp 0-0: Called Strike
0-1: Ball
1-1: Foul Ball, location: 2F
1-2: Ball
2-2: Strikes out swinging
Bottom of the 6th over - 0 runs, 1 hit, 0 errors, 1 left on base; Phoenix 4 - Salt Lake City 6
TOP OF THE 7TH
Phoenix Hotspur Reserves batting - Pitching for Salt Lake City Buzz : RHP Lorenzo López
Batting: RHB Dale Everest 0-0: Bunt for hit - play at first, batter safe!
Batting: RHB Alex Niemann 0-0: Ball
1-0: Ball
2-0: Foul Ball, location: 2F
2-1: Ball
3-1: Foul Ball, location: 2F
3-2: Fly out, F3 (Line Drive, 3S)
Batting: RHB Hieronymus Bosch 0-0: Ball
1-0: Ball
2-0: Fly out, F8 (Flyball, 78M)
Batting: RHB Satoshi Terada 0-0: Ball
1-0: Called Strike
1-1: Ball
2-1: Foul Ball, location: 2F
2-2: Strikes out swinging
Top of the 7th over - 0 runs, 1 hit, 0 errors, 1 left on base; Phoenix 4 - Salt Lake City 6
BOTTOM OF THE 7TH
Salt Lake City Buzz batting - Pitching for Phoenix Hotspur Reserves : RHP Ty McDaniel
Batting: RHB Brent Ryan 0-0: Ball
1-0: Ball
2-0: Ball
3-0: Base on Balls
Batting: LHB Jérôme Masson 0-0: Fly out, F7 (Flyball, 7D)
Batting: RHB Christian Gentry 0-0: Ball
1-0: Ball
Brent Ryan steals 2nd base
2-0: Ball
3-0: Called Strike
3-1: SINGLE (Groundball, 25) (infield hit)
Brent Ryan to third
Batting: RHB Alexandre Keeping 0-0: Ball
1-0: Ball
Christian Gentry steals 2nd base
2-0: Fly out, F7 (Flyball, 7)
Runner from 3rd tags up, SCORES, throw made
Batting: SHB Jorge Colón 0-0: Ball
1-0: Called Strike
1-1: Ball
2-1: SINGLE (Line Drive, 34D)
Christian Gentry to third
Runner from 3rd tries for Home, SAFE, no throw
Batting: LHB Mike Gillespie 0-0: Called Strike
0-1: Swinging Strike
0-2: Foul Ball, location: 2F
0-2: Ball
1-2: 2-RUN HOME RUN (Flyball, 7LD), Distance : 368 ft
Pitching: LHP Cobus Reijnen
Batting: LHB Orlando Casillas 0-0: Ground out 4-3 (Groundball, 4)
Bottom of the 7th over - 4 runs, 3 hits, 0 errors, 0 left on base; Phoenix 4 - Salt Lake City 10
TOP OF THE 8TH
Phoenix Hotspur Reserves batting - Pitching for Salt Lake City Buzz : RHP Lorenzo López
Now at C: Quigley Gibson
Now at 2B: Justin MacPherson
Batting: RHB Ryan Pollock 0-0: Ball
1-0: Called Strike
1-1: Foul Ball, location: 2F
1-2: Ball
2-2: Fly out, F9 (Flyball, 89S)
Batting: RHB Solomon Norment 0-0: Ground out U3 (Groundball, 34)
Batting: SHB Jesús González 0-0: Called Strike
0-1: SINGLE (Line Drive, 56D)
Batting: RHB Bob Curry 0-0: Fly out, F3 (Popup, 3S)
Top of the 8th over - 0 runs, 1 hit, 0 errors, 1 left on base; Phoenix 4 - Salt Lake City 10
BOTTOM OF THE 8TH
Salt Lake City Buzz batting - Pitching for Phoenix Hotspur Reserves : LHP Cobus Reijnen
Batting: RHB Ilkka Haapajarvi 0-0: Swinging Strike
0-1: Swinging Strike
0-2: Ball
1-2: Strikes out swinging
Batting: LHB Frank Sharp 0-0: Ball
1-0: Ball
2-0: Ball
3-0: Base on Balls
Batting: RHB Brent Ryan 0-0: Ball
1-0: Called Strike
1-1: Ball
2-1: Ball
3-1: Foul Ball, location: 2F
3-2: Base on Balls
Frank Sharp to second
Batting: LHB Jérôme Masson 0-0: Called Strike
Frank Sharp steals 3rd base
Brent Ryan to second
0-1: Ball
1-1: Ball
2-1: Fly out, F7 (Flyball, 7LSF)
Runner from 3rd tags up, SCORES, no throw
Batting: RHB Christian Gentry 0-0: Ball
1-0: SINGLE (Line Drive, 7S)
Brent Ryan to third
Batting: RHB Alexandre Keeping 0-0: Ball
1-0: 3-RUN HOME RUN (Flyball, 7D), Distance : 416 ft
Batting: RHB Quigley Gibson 0-0: Ball
1-0: Foul Ball, location: 2F
1-1: SOLO HOME RUN (Flyball, 7D), Distance : 409 ft
Batting: LHB Mike Gillespie 0-0: Ball
1-0: Called Strike
1-1: DOUBLE (Line Drive, 78D)
Batting: RHB Justin MacPherson 0-0: Ball
1-0: Ball
2-0: Ball
3-0: Base on Balls
Batting: RHB Ilkka Haapajarvi 0-0: Ball
Wild Pitch!
Mike Gillespie to third
Justin MacPherson to second
1-0: Fly out, F6 (Line Drive, 6M)
Bottom of the 8th over - 5 runs, 4 hits, 0 errors, 2 left on base; Phoenix 4 - Salt Lake City 15
TOP OF THE 9TH
Phoenix Hotspur Reserves batting - Pitching for Salt Lake City Buzz : RHP Lorenzo López
Batting: LHB Jason DeGeorge 0-0: Called Strike
0-1: Fly out, F7 (Line Drive, 7S)
Batting: RHB Dale Everest 0-0: Called Strike
0-1: SINGLE (Flyball, 89S)
Batting: RHB Alex Niemann 0-0: Ball
1-0: Fly out, F9 (Flyball, 89S)
Batting: RHB Hieronymus Bosch 0-0: Ball
1-0: Called Strike
1-1: Swinging Strike
1-2: Ball
2-2: Fielders Choice at 2nd, 6-4 (Groundball, 6)
Top of the 9th over - 0 runs, 1 hit, 0 errors, 1 left on base; Phoenix 4 - Salt Lake City 15
Tuesday, June 12th, 2018 - OOTP Baseball 18.8 Build 76